 Dungeon Crawl Stone Soup version 0.29.1-2-gbd0b4ee654 (webtiles) character file.

Game seed: 15492875192947609615

439 eriqlaplus the Gusty (level 7, -3/36 HPs)
             Began as a Tengu Air Elementalist on Oct 31, 2022.
             Was a Believer of Okawaru.
             Slain by Duvessa
             ... wielding a +0 rapier
              (17 damage)
             ... on level 5 of the Dungeon.
             The game lasted 00:13:00 (4560 turns).

eriqlaplus the Gusty (Tengu Air Elementalist)       Turns: 4560, Time: 00:13:01

Health: -3/36      AC:  5    Str:  9    XL:     7   Next: 1%
Magic:  14/24      EV: 15    Int: 22    God:    Okawaru [**....]
Gold:   235        SH:  0    Dex: 14    Spells: 13/14 levels left

rFire   . . .      SeeInvis .   h - +2 short sword (elec)
rCold   . . .      Faith    .   (no shield)
rNeg    . . .      Spirit   .   a - +0 robe
rPois   .          Reflect  .   r - +3 hat of Pondering {ponderous, Will+ MP+10 Int+5}
rElec   .          Harm     .   (no cloak)
rCorr   .          Rampage  .   (no gloves)
Will    +....                   (boots unavailable)
Stlth   ++........              (no amulet)
HPRegen 0.12/turn               (no ring)
MPRegen 0.19/turn               (no ring)

@: flying quickly and evasively
A: beak, talons 3, nimble flight
a: Renounce Religion, Heroism


You were on level 5 of the Dungeon.
You worshipped Okawaru.
Okawaru was pleased with you.
You visited 1 branch of the dungeon, and saw 5 of its levels.

You collected 235 gold pieces.

Inventory:

Hand Weapons
 e - a +0 dagger
 h - a +2 short sword of electrocution (weapon)
Armour
 a - a +0 robe (worn)
 r - the +3 hat of Pondering (worn) {ponderous, Will+ MP+10 Int+5}
   (You found it on level 4 of the Dungeon)

   Int:       It affects your intelligence (+5).
   MP:        It affects your magic capacity (+10).
   Will:      It increases your willpower.
Jewellery
 m - a ring of ice
Scrolls
 c - a scroll of enchant weapon {unknown}
 d - a scroll of poison {unknown}
 f - a scroll of butterflies {unknown}
 i - a scroll of fear {unknown}
 j - 3 scrolls of identify {unknown}
 l - 3 scrolls of teleportation {unknown}
 p - a scroll of amnesia {unknown}
 q - 2 scrolls of enchant armour {unknown}
 s - a scroll of vulnerability {unknown}
Potions
 b - a potion of magic
 g - 3 potions of brilliance {unknown}
 k - a potion of haste {unknown}
 n - 2 potions of curing {unknown}
 o - a potion of degeneration {unknown}


   Skills:
 + Level 0.8 Short Blades
 + Level 2.5 Dodging
 + Level 2.5 Stealth
 + Level 4.0 Spellcasting
 + Level 4.8 Conjurations
 + Level 6.4 Air Magic


You had 13 spell levels left.
You knew the following spells:

 Your Spells              Type           Power      Damage    Failure   Level
a - Shock                 Conj/Air       100%       1d9       1%          1

Your spell library contained the following spells:

 Spells                   Type           Power      Damage    Failure   Level
 Static Discharge         Conj/Air       29%        3-7/arc   1%          2
 Swiftness                Air            32%        N/A       2%          3
 Airstrike                Air            16%        2d(3-19)  8%          4
 Frozen Ramparts          Ice            8%         1d2       32%         3
 Silence                  Hex/Air        9%         N/A       63%         5
 Ice Form                 Ice/Tmut       4%         N/A       73%         4
 Passage of Golubria      Tloc           4%         N/A       73%         4
 Lehudib's Crystal Spear  Conj/Erth      7%         10d3      100%        8
 Summon Ice Beast         Ice/Summ       Unusable   N/A       N/A         4

Dungeon Overview and Level Annotations

Branches:
Dungeon (5/15)
 Temple: D:4-7

Altars:
Okawaru
Yredelemnul

Annotations:
D:5 Duvessa


Innate Abilities, Weirdness & Mutations

You have a beak for a mouth.
You have claws for feet.
Your magical nature lets you fly swiftly and evasively.


Message History

The zap hits Dowan.
Dowan is almost dead.
The zap hits the black bear!
The black bear is almost dead.
Casting: Shock (safe; 1% risk of failure)
Confirm with . or Enter, or press ? or * to list all spells.
Aiming: Shock (safe; 1% risk of failure)
Press: ? - help, Shift-Dir - straight line, f/p - Duvessa
Aim: Duvessa, wielding a +0 rapier and wearing a +0 scale mail (moderately wounded, fast, 81% to hit)
The zap hits Duvessa!
Duvessa is heavily wounded.
The zap hits Dowan.
You kill Dowan!
Okawaru accepts your kill.
Duvessa weeps, and shakes her weapon.
Duvessa goes berserk!
The zap hits the black bear.
The black bear is almost dead.
Duvessa hits you with a +0 rapier! Duvessa misses you.
Casting: Shock (safe; 1% risk of failure)
Confirm with . or Enter, or press ? or * to list all spells.
Aiming: Shock (safe; 1% risk of failure)
Press: ? - help, Shift-Dir - straight line, f/p - Duvessa
Aim: Duvessa, wielding a +0 rapier and wearing a +0 scale mail (heavily wounded, berserk, fast, 81% to hit)
The zap hits Duvessa.
Duvessa is severely wounded.
The zap hits the black bear.
You kill the black bear!
Okawaru is honoured by your kill. Duvessa misses you.
Your Spellcasting skill increases to level 4!
You have reached level 7!
Casting: Shock (safe; 1% risk of failure)
Confirm with . or Enter, or press ? or * to list all spells.
Aiming: Shock (safe; 1% risk of failure)
Press: ? - help, Shift-Dir - straight line, f/p - Duvessa
Aim: Duvessa, wielding a +0 rapier and wearing a +0 scale mail (severely wounded, berserk, fast, 81% to hit)
The zap hits Duvessa.
Duvessa is severely wounded.
Duvessa hits you with a +0 rapier! x2
You die...

#.. ... ..# #.# #
#.# #.# #.# #.# .
#.##.# #.# #.# #.
#.#.####.# #.# #.#
##....##.####/# ..#
##.#......)))..#
#)###.#######.####.#
#e#.########.# #.#
#@..........# #.#
############# #.#
#.# #.. ##. #= #. #.
#.


You could see Duvessa (berserk, fast).

Vanquished Creatures
  2 black bears
  Dowan (D:5)
  A howler monkey (D:4)
  An iguana (D:4)
  4 gnolls (D:5)
  3 adders
  2 dart slugs
  6 orcs
  6 endoplasms
  4 giant cockroaches
  7 goblins
  6 hobgoblins
  7 jackals
  6 kobolds
  2 quokkas
  3 ball pythons
  3 bats
  3 frilled lizards
  8 rats
75 creatures vanquished.

Notes
Turn   | Place    | Note
-------+----------+-------------------------------------------
     0 | D:1      | eriqlaplus the Tengu Air Elementalist began the quest for
                  | the Orb.
     0 | D:1      | Reached XP level 1. HP: 10/10 MP: 4/4
   367 | D:1      | Reached XP level 2. HP: 15/15 MP: 0/6
   916 | D:1      | Found a faded altar of an unknown god.
  1214 | D:1      | Prayed at the altar of an unknown god.
  1214 | D:1      | Became a worshipper of Warmaster Okawaru
  1214 | D:1      | Reached * piety under Okawaru
  1252 | D:2      | Reached XP level 3. HP: 19/19 MP: 2/7
  1438 | D:2      | Reached skill level 5 in Air Magic
  2566 | D:3      | Reached XP level 4. HP: 24/24 MP: 3/8
  3397 | D:4      | Noticed a black bear
  3406 | D:4      | Killed a black bear
  3407 | D:4      | Gained mutation: Your magical nature lets you fly swiftly
                  | and evasively. [Tengu growth]
  3407 | D:4      | Reached XP level 5. HP: 28/28 MP: 0/10
  3569 | D:4      | Found a basalt altar of Yredelemnul.
  3975 | D:4      | Reached ** piety under Okawaru
  3976 | D:4      | Reached skill level 6 in Air Magic
  3976 | D:4      | Reached XP level 6. HP: 32/32 MP: 6/12
  4166 | D:4      | Found the +3 hat of Pondering {ponderous, Will+ MP+10
                  | Int+5}
  4468 | D:5      | Entered Level 5 of the Dungeon
  4551 | D:5      | Noticed Dowan
  4551 | D:5      | Noticed a black bear
  4554 | D:5      | Noticed Duvessa
  4558 | D:5      | Killed Dowan
  4559 | D:5      | Killed a black bear
  4560 | D:5      | Reached XP level 7. HP: 26/36 MP: 14/14
  4560 | D:5      | Slain by Duvessa

Illustrated notes

Levels and vault maps discovered:
D:1:      kilobyte_arrival_exit_the_forest, layout_rooms, serial_glass,
          glass_columns_b, glass_columns_b, glass_columns_b, glass_columns_a,
          glass_columns_a, glass_columns_a, hellmonk_ecumenical_altar_zigzags,
          dk_noncrumbling_4
D:2:      layout_basic
D:3:      layout_loops_cross, grunt_decor_resistance, kennysheep_path_1
D:4:      layout_basic, mainiacjoe_overflow_small_starburst
D:5:      layout_loops_ring, grunt_temple_overflow_open, trog_book,
          dilly_guarded_unrand_throatcut, uniq_blork_the_orc, uniq_sigmund,
          uniq_duvessa

Skill      XL: |  1  2  3  4  5  6 |
---------------+-------------------+-----
Air Magic      | 5 6 |  6.4
Conjurations   | 2 3 4 |  4.8
Spellcasting   | 3 4 |  4.0
Short Blades   | |  0.8
Dodging        | |  2.5
Stealth        | |  2.5

Action                   |  1- 3 |  4- 6 |  7- 9 || total
-------------------------+-------+-------+-------++-------
Melee: Unarmed           |     4 |       |       ||     4
       Dagger            |    10 |       |       ||    10
       Peck              |     4 |       |       ||     4
       Kick              |     6 |       |       ||     6
       Short sword       |    10 |     1 |       ||    11
 Cast: Shock             |    66 |    87 |     1 ||   154
Armor: Robe              |     5 |       |       ||     5
Dodge: Dodged            |    18 |     7 |       ||    25
